 Dungeon Crawl Stone Soup version 0.31-a0-536-ga3e2962e35 (webtiles) character file.

Game seed: 16524948312943264686

82 Ethylacetat the Ducker (level 4, -2/30 HPs)
             Began as an Octopode Gladiator on Aug 12, 2023.
             Slain by Grinder (5 damage)
             ... while paralysed by Grinder
             ... on level 3 of the Dungeon.
             The game lasted 00:01:55 (1583 turns).

Ethylacetat the Ducker (Octopode Gladiator)         Turns: 1583, Time: 00:01:55

Health: -2/30      AC:  1    Str: 13    XL:     4   Next: 43%
Magic:  4/4        EV:  2    Int: 10    God:
Gold:   80         SH:  0    Dex: 15    Spells: 3/3 levels left

rFire   . . .        a - +0 long sword
rCold   . . .        r - orb {*Rage}
rNeg    . . .        b - melded +0 hat
rPois   .            i - amulet of magic regeneration
rElec   .            (no ring)
rCorr   .            (no ring)
SInv    .            (no ring)
Will    .....        (no ring)
Stlth   +++          (no ring)
HPRegen 0.25/turn    (no ring)
MPRegen 0.49/turn    (no ring)
                     (no ring)

%: random rage (20%)
@: paralysed, beast-form
A: beast (slay +0), almost no armour, amphibious, 8 rings, camouflage 1,
gelatinous body 1, (nimble swimmer 1), tentacles
a: Begin Untransformation


You were on level 3 of the Dungeon.
You were a hulking beast.
You visited 1 branch of the dungeon, and saw 3 of its levels.

You collected 80 gold pieces.

Inventory:

Hand Weapons
 a - a +0 long sword (weapon)
Missiles
 c - 3 throwing nets (quivered)
 d - a javelin
Armour
 b - a +0 hat (melded)
 r - an orb of wrath (worn)
Jewellery
 i - an amulet of magic regeneration (around mantle)
Talismans
 j - a beast talisman (active)
Wands
 l - a wand of iceblast (2)
 n - a wand of quicksilver (8)
Scrolls
 f - 2 scrolls of fog {unknown}
 g - a scroll of enchant weapon {unknown}
 h - 2 scrolls of noise {unknown}
 m - 5 scrolls of identify {unknown}
 p - 3 scrolls of revelation {unknown}
 q - a scroll of blinking {unknown}
Potions
 e - 3 potions of curing {unknown}
 k - a potion of heal wounds {unknown}
 o - a potion of enlightenment {unknown}


   Skills:
 + Level 2.6 Fighting
 + Level 3.4 Long Blades
 - Level 2.0 Throwing
 + Level 3.5 Dodging
 + Level 2.2 Stealth
 * Level 1.2 Shapeshifting


You had 3 spell levels left.
You didn't know any spells.
Your spell library contained the following spells:

 Spells                   Type           Power      Damage    Failure   Level
 Sting                    Tmut/Pois      0%         1d3       36%         1
 Poisonous Vapours        Pois/Air       0%         N/A       50%         2
 Olgreb's Toxic Radiance  Pois           0%         N/A       98%         4


Dungeon Overview and Level Annotations

Branches:
Dungeon (3/15)

Altars:

Shops:
D:2 ?

Annotations:
D:3 Grinder


Innate Abilities, Weirdness & Mutations

You are a hulking beast.
Your limbs bulge with bestial killing power. (Slay +0)
You cannot wear most types of armour.
You are amphibious.
You can wear up to eight rings at the same time.
Your skin changes colour to match your surroundings (Stealth+).
Your rubbery body absorbs attacks. (AC +1, EV +1)
((You are camouflaged when in or above water. (Stealth+)))
You have tentacles for arms and can constrict up to eight enemies at once.


Message History

You kill the quokka!
No target in view!
You see here 14 gold pieces.
Grinder shouts!
Grinder hits you.
You writhe in agony.
You hit Grinder but do no damage. You grab Grinder. You constrict Grinder.
Grinder says, "Just stop there for a second..."
Grinder closely misses you.
You barely miss Grinder.
Grinder is lightly wounded.
You constrict Grinder. Grinder completely misses you. x2
You slash Grinder!
Grinder is moderately wounded.
You constrict Grinder.
Grinder blinks free!
Grinder blinks!
You closely miss Grinder. You grab Grinder.
Grinder is moderately wounded.
You constrict Grinder, but do no damage.
Grinder zaps a wand.
The puff of flame hits you!
You are too injured to fight recklessly!
You are too injured to fight recklessly!
You are too injured to fight recklessly!
You are too injured to fight recklessly!
You are too injured to fight recklessly!
You hit Grinder.
Grinder is heavily wounded.
You constrict Grinder.
Grinder zaps a wand.
The puff of flame misses you.
You hit Grinder. You squeeze Grinder!
Grinder is almost dead.
You constrict Grinder, but do no damage.
Grinder gestures at you.
You suddenly lose the ability to move!
You lose your grip on Grinder.
Grinder zaps a wand.
The puff of flame hits you. Grinder gestures at you.
Pain shoots through your body!
* * * LOW HITPOINT WARNING * * *
Grinder hits you.
* * * LOW HITPOINT WARNING * * *
You writhe in agony.
You die...

#..##### #.## #.....#
#... #..##.# ##...
#..##.# ##.... . #..##.#
#..... ... ##..##.#
#..... ....##+##..##..#
#..... ..........$...##
#..<..
......5h.####.#####.....
...........†............
......#...##..#####....<
......###.#).## #.....
..... #........# #.....
..... #.[......# #.....
#### ..........# #.....
##.######## ##.... #.
##...


You could see Grinder.

Vanquished Creatures
  3 adders
  A dart slug (D:1)
  4 ball pythons
  9 endoplasms
  2 giant cockroaches
  A goblin (D:2)
  5 hobgoblins
  5 quokkas
  6 bats
  3 frilled lizards
  7 kobolds
  5 rats
51 creatures vanquished.

Notes
Turn   | Place    | Note
-------+----------+-------------------------------------------
     0 | D:1      | Ethylacetat the Octopode Gladiator began the quest for the
                  | Orb.
     0 | D:1      | Reached XP level 1. HP: 14/14 MP: 1/1
   231 | D:1      | Reached skill level 1 in Stealth
   272 | D:1      | Reached XP level 2. HP: 19/19 MP: 2/2
  1001 | D:2      | Reached XP level 3. HP: 24/24 MP: 3/3
  1222 | D:2      | Found Jusilebe's Magic Scroll Boutique.
  1309 | D:2      | Reached skill level 1 in Shapeshifting
  1437 | D:3      | Reached XP level 4. HP: 30/30 MP: 4/4
  1472 | D:3      | Noticed Grinder
  1580 | D:3      | Paralysed by Grinder for 5 turns
  1583 | D:3      | Slain by Grinder

Illustrated notes

Levels and vault maps discovered:
D:1:      minmay_arrival_solitary_statue, layout_loops_corners
D:2:      layout_rooms, serial_shops, nicolae_shop_pleasant_corner_grove,
          minmay_cupped
D:3:      layout_rooms, hellmonk_ecumenical_altar_crossroads,
          kennysheep_jessica_study, uniq_sigmund, uniq_robin, uniq_grinder,
          uniq_jessica

Skill      XL: |  1  2  3 |
---------------+----------+-----
Stealth        | 1 2 |  2.2
Shapeshifting  | 1 |  1.2
Fighting       | |  2.6
Long Blades    | |  3.4
Throwing       | |  2.0
Dodging        | |  3.5

Action                     |  1- 3 |  4- 6 || total
---------------------------+-------+-------++-------
  Melee: Long sword        |    72 |    19 ||    91
         Constrict         |    16 |     6 ||    22
         Punch             |     1 |       ||     1
         Tentacles         |     7 |     3 ||    10
   Stab: Sleeping          |    13 |       ||    13
         Distracted        |     1 |       ||     1
 Armour: Skin              |     5 |     2 ||     7
  Dodge: Dodged            |    51 |     8 ||    59
   Form: Beast             |     1 |       ||     1

Table legend: (Time is in decaauts)
 A = Elapsed time spent in this place.
 B = Non-inter-level travel time spent in this place.
 C = Inter-level travel time spent in this place.
 D = Time resting spent in this place.
 E = Time spent auto-exploring this place.
 F = Levels seen in this place.
 G = Mean time per level.
                   A        B        C        D        E       F      G
               +--------+--------+--------+--------+--------+-----+--------+
         Total |   1603 |   1579 |     24 |     54 |   1186 |   3 |  534.3 |
       Dungeon |   1603 |   1579 |     24 |     54 |   1186 |   3 |  534.3 |
               +--------+--------+--------+--------+--------+-----+--------+

Top non-repeatable levels by time:
     D:1: 994 daAuts
     D:2: 450 daAuts
     D:3: 157 daAuts
